 Dungeon Crawl Stone Soup version 0.29.0-4-gdea44cf6ec (webtiles) character file.

Game seed: 13561456628030087929

19635 qw the Brawler (level 12, -6/118 HPs)
             Began as a Troll Cinder Acolyte on Sept 3, 2022.
             Was an Elder of Okawaru.
             Succumbed to Nessos's poison
             ... on level 3 of the Lair of Beasts.
             The game lasted 00:07:58 (12371 turns).

qw the Brawler (Troll Cinder Acolyte)              Turns: 12371, Time: 00:07:59

Health: -6/118     AC: 11    Str: 34    XL:     12   Next: 38%
Magic:  13/15      EV: 11    Int:  9    God:    Okawaru [****..]
Gold:   811        SH:  0    Dex:  9    Spells: 13/13 levels left

rFire   . . .      SeeInvis .     - Unarmed
rCold   . . .      Faith    .   (no shield)
rNeg    . . .      Spirit   .   r - +2 robe {rF+}
rPois   +          Reflect  .   (helmet restricted)
rElec   .          Harm     .   a - +2 cloak
rCorr   .          Rampage  .   (gloves unavailable)
Will    +....                   (boots unavailable)
Stlth   +++.......              p - amulet of regeneration
HPRegen 1.89/turn               j - ring of poison resistance
MPRegen 0.14/turn               v - +6 ring of strength

@: lethally poisoned (-6 -> -29), about to teleport, heroic, fire susceptible
A: large, unfitting armour, claws 3, regeneration 1, shaggy fur 1, tough skin 1,
iridescent scales 1, agile 1, strong-willed 1, wild magic 1
a: Renounce Religion, Heroism, Finesse


You were on level 3 of the Lair of Beasts.
You worshipped Okawaru.
Okawaru was greatly pleased with you.
You visited 3 branches of the dungeon, and saw 14 of its levels.

You collected 811 gold pieces.


Innate Abilities, Weirdness & Mutations

You are too large for most types of armour.
You have claws for hands.
Your natural rate of healing is unusually fast.
You are covered in fur. (AC +1)
You have tough skin. (AC +1)
You are partially covered in iridescent scales. (AC +2)
You are agile. (Dex +4, Str/Int -1)
You are strong-willed. (Will+)
Your spells are a little harder to cast, but a little more powerful.


   Skills:
 - Level 7.1(12.1) Fighting
 - Level 4.9(9.9) Throwing
 - Level 1.0(6.0) Armour
 - Level 3.0(8.0) Dodging
 + Level 16.7(21.7) Unarmed Combat
 - Level 1.0 Spellcasting
 - Level 2.1 Fire Magic
 + Level 5.5 Invocations


You had 13 spell levels left.
You didn't know any spells.
Your spell library contained the following spells:

 Spells                   Type           Power      Damage    Failure   Level
 Scorch                   Fire           10%        2d6       30%         2

Inventory:

Missiles
 n - a boomerang (quivered)
Armour
 a - a +2 cloak (worn)
 r - a +2 robe of fire resistance (worn)
Jewellery
 j - a ring of poison resistance (left claw)
 p - an amulet of regeneration (around neck)
 q - a ring of fire
 u - a ring of protection from fire
 v - a +6 ring of strength (right claw)
Scrolls
 b - a scroll of enchant weapon
 d - a scroll of enchant armour
 e - 2 scrolls of identify
 h - a scroll of teleportation
 o - a scroll of brand weapon
Potions
 c - 2 potions of haste
 i - 2 potions of might
 k - 2 potions of resistance
 l - 4 potions of curing

Dungeon Overview and Level Annotations

Branches:
Dungeon (10/15)            Temple (1/1) D:5            Lair (3/5) D:10
  Swamp (0/4) Lair:3        Snake (0/4) Lair:2
    Orc: D:9-12

Altars:
Ashenzari
Cheibriados
Dithmenos
Elyvilon
Fedhas
Gozag
Hepliaklqana
Kikubaaqudgha
Makhleb
Nemelex Xobeh
Okawaru
Qazlal
Ru
Trog
Uskayaw
Vehumet
Wu Jian
Xom
Yredelemnul
Zin
The Shining One

Shops:
D:10 (

Annotations:
D:4 Robin
D:8 2 transporters, qw's ghost, novice TrCA
D:10 2 transporters, qw's ghost, novice FoCA
Lair:1 1 runed translucent door, qw's ghost, journeyman TrCA
Lair:3 Nessos


Message History

You are no longer poisoned.
Magic restored.
You start resting.
You feel like a meek peon again.
HP restored.
Nessos is nearby!
Nessos shoots an arrow.
The arrow hits you. The arrow burns you.
Nessos gestures wildly while chanting.
Nessos blinks!
Nessos gestures wildly while chanting.
Nessos seems to speed up.
12365 ||| Stepping ~*~*~tactically~*~*~ (hiding).
Nessos shoots an arrow.
The arrow hits you! The arrow burns you!
You are poisoned.
12366 ||| Stepping ~*~*~tactically~*~*~ (hiding).
You feel very sick.
Nessos shoots an arrow.
The arrow hits you! The arrow burns you!
12367 ||| Stepping ~*~*~tactically~*~*~ (hiding).
You feel very sick.
Nessos shoots an arrow.
The arrow hits you but does no damage.
12368 ||| Stepping ~*~*~tactically~*~*~ (hiding).
You feel very sick.
Nessos gestures wildly while chanting.
Nessos blinks!
12369 ||| INVOKING Heroism.
You gain the combat prowess of a mighty hero.
You feel sick.
Nessos shoots an arrow.
The arrow completely misses you.
Nessos pounds the earth with their hooves.
Nessos shoots an arrow.
The arrow hits you! The arrow burns you!
Nessos pounds the earth with their hooves.
Nessos shoots an arrow.
The arrow hits you! The arrow burns you.
You are more poisoned.
12370 ||| READING 2 scrolls of teleportation.
As you read the scroll of teleportation, it crumbles to dust.
You feel strangely unstable.
You feel very sick.
Nessos shoots an arrow.
The arrow barely misses you.
Nessos shoots an arrow.
The arrow hits you! The arrow burns you.
You are more poisoned.
You die...

### ### ##P# ## ####.########...
#?...#.### ####..............#
#........# ##PP#....#......##.#
#........#####......##.....#.####
#.........P##...@#...#.......##
................¤....####.....##
..##.#...#......~7~..###P......#
#..#....#.c....¤~¤7¤..#.......##
...............~¤¤~~........#.#
#####.##..###..¤~¤~¤.#......### #
########.#..7~7..#.#....# #
###......######P.# ####..##
#######


You could see Nessos (fast).

Vanquished Creatures
  A hydra (Lair:2)
  A two-headed ogre (D:7)
  Amaemon (Lair:2)
  A skeletal warrior (D:9)
  2 bog bodies (Lair:3)
  5 black mambas
  An orange demon (Lair:2)
  Joseph (D:7)
  5 cane toads
  3 komodo dragons
  2 hornets
  3 blink frogs (Lair:2)
  4 wyverns
  2 shadows (D:10)
  5 wraiths (D:9)
  22 yaks
  2 basilisks
  Eustachio (D:5)
  11 fire elementals
  2 steam dragons (D:8)
  Menkaure (D:4)
  6 water moccasins
  2 acid dragons
  2 orc warriors
  2 sky beasts (D:7)
  An ice beast (D:7)
  2 ogres
  4 centaurs
  A phantom (D:5)
  2 kobold brigands
  7 bullfrogs
  2 scorpions
  19 wights
  11 killer bees
  7 howler monkeys
  A crimson imp (D:5)
  2 jellies
  3 hounds
  A gnoll bouda (D:5)
  5 orc priests
  Jessica (D:3)
  2 iguanas (D:5)
  3 orc wizards
  24 gnolls
  12 adders
  2 white imps
  An ufetubus (D:4)
  2 worms
  2 dart slugs
  18 orcs
  9 bats
  4 endoplasms
  9 giant cockroaches
  6 goblins
  4 hobgoblins
  13 jackals
  4 quokkas
  7 ball pythons
  4 frilled lizards
  17 kobolds
  5 rats
305 creatures vanquished.

Vanquished Creatures (others)
  3 fungi (Lair:3)
  13 plants
  2 withered plants (Lair:1)
18 creatures vanquished.

Grand Total: 323 creatures vanquished

Notes
Turn   | Place    | Note
-------+----------+-------------------------------------------
     0 | D:1      | qw the Troll Cinder Acolyte began the quest for the Orb.
     0 | D:1      | Reached XP level 1. HP: 22/22 MP: 1/1
     0 | D:1      | 0 ||| qw: Version: 0.1-a-102-g441f92d
     0 | D:1      | 0 ||| qw: Game counter: 5152
     0 | D:1      | 0 ||| qw: Always use a shield: true
     0 | D:1      | 0 ||| qw: God list: Okawaru
     0 | D:1      | 0 ||| qw: Allow faded altars: false
     0 | D:1      | 0 ||| qw: Do Orc after D:15 true
     0 | D:1      | 0 ||| qw: Do second Lair branch before Depths: true
     0 | D:1      | 0 ||| qw: Lair rune preference: random
     0 | D:1      | 0 ||| qw: Plans: Normal
     0 | D:1      | 0 ||| PLANNING D:1-11
   123 | D:1      | 123 ||| Stepping ~*~*~tactically~*~*~ (stealth).
   133 | D:1      | 133 ||| Stepping ~*~*~tactically~*~*~ (outnumbered).
   136 | D:1      | Reached XP level 2. HP: 25/29 MP: 2/2
   189 | D:1      | 189 ||| Stepping ~*~*~tactically~*~*~ (stealth).
   198 | D:1      | 198 ||| Stepping ~*~*~tactically~*~*~ (stealth).
   206 | D:1      | Reached skill level 4 in Unarmed Combat
   339 | D:1      | Found a faded altar of an unknown god.
   347 | D:1      | 347 ||| Stepping ~*~*~tactically~*~*~ (stealth).
   349 | D:1      | 349 ||| Stepping ~*~*~tactically~*~*~ (stealth).
   356 | D:1      | Reached XP level 3. HP: 36/36 MP: 3/3
   660 | D:1      | 660 ||| READING 2 scrolls labelled ARREYR EFROEWKU.
   661 | D:1      | 661 ||| READING 2 scrolls labelled ORUNNA VESOMNI.
   662 | D:1      | 662 ||| DRINKING 2 dark potions.
  1080 | D:2      | Reached skill level 5 in Unarmed Combat
  1080 | D:2      | Reached XP level 4. HP: 34/44 MP: 4/4
  1363 | D:2      | 1363 ||| Stepping ~*~*~tactically~*~*~ (stealth).
  1368 | D:2      | 1368 ||| Stepping ~*~*~tactically~*~*~ (stealth).
  1544 | D:2      | 1544 ||| READING 2 scrolls labelled NUSTRE KAPI TOTZ.
  1545 | D:2      | 1545 ||| DRINKING 2 yellow potions.
  1546 | D:2      | 1546 ||| READING 3 scrolls of identify.
  1546 | D:2      | 1546 ||| IDENTIFYING blue potion
  1547 | D:2      | 1547 ||| READING 2 scrolls of identify.
  1547 | D:2      | 1547 ||| IDENTIFYING orange potion
  1548 | D:2      | 1548 ||| DROPPING potion of flight.
  1549 | D:2      | 1549 ||| DROPPING potion of attraction.
  1577 | D:3      | 1577 ||| STAIRDANCE
  1652 | D:3      | 1652 ||| Stepping ~*~*~tactically~*~*~ (stealth).
  1665 | D:3      | 1665 ||| Stepping ~*~*~tactically~*~*~ (stealth).
  1666 | D:3      | 1666 ||| Stepping ~*~*~tactically~*~*~ (stealth).
  1770 | D:3      | 1770 ||| Stepping ~*~*~tactically~*~*~ (stealth).
  1773 | D:3      | 1773 ||| Stepping ~*~*~tactically~*~*~ (stealth).
  1774 | D:3      | 1774 ||| INVOKING Fiery Armour.
  1775 | D:3      | 1775 ||| Stepping ~*~*~tactically~*~*~ (stealth).
  1776 | D:3      | 1776 ||| Stepping ~*~*~tactically~*~*~ (stealth).
  1777 | D:3      | 1777 ||| Stepping ~*~*~tactically~*~*~ (stealth).
  1779 | D:3      | Reached XP level 5. HP: 50/50 MP: 5/5
  1782 | D:3      | 1782 ||| Stepping ~*~*~tactically~*~*~ (stealth).
  1788 | D:3      | 1788 ||| Stepping ~*~*~tactically~*~*~ (outnumbered).
  1789 | D:3      | 1789 ||| Stepping ~*~*~tactically~*~*~ (outnumbered).
  1792 | D:3      | Reached skill level 6 in Unarmed Combat
  1920 | D:3      | 1920 ||| Stepping ~*~*~tactically~*~*~ (outnumbered).
  1924 | D:3      | Reached skill level 1 in Throwing
  1924 | D:3      | 1924 ||| Stepping ~*~*~tactically~*~*~ (outnumbered).
  1925 | D:3      | 1925 ||| Stepping ~*~*~tactically~*~*~ (outnumbered).
  1926 | D:3      | 1926 ||| Stepping ~*~*~tactically~*~*~ (outnumbered).
  2001 | D:3      | Noticed Jessica
  2002 | D:3      | 2002 ||| Stepping ~*~*~tactically~*~*~ (hiding).
  2009 | D:3      | Killed Jessica
  2135 | D:3      | Found a shimmering altar of Xom.
  2551 | D:3      | 2551 ||| READING scroll labelled QAAVVA MAJ APO.
  2560 | D:3      | 2560 ||| READING scroll labelled SOENAU WUAMPE.
  2705 | D:4      | 2705 ||| Stepping ~*~*~tactically~*~*~ (stealth).
  2714 | D:4      | 2714 ||| Stepping ~*~*~tactically~*~*~ (stealth).
  2732 | D:4      | Found a radiant altar of Vehumet.
  2750 | D:4      | 2750 ||| Stepping ~*~*~tactically~*~*~ (hiding).
  2751 | D:4      | 2751 ||| Stepping ~*~*~tactically~*~*~ (hiding).
  2765 | D:4      | Reached XP level 6. HP: 49/59 MP: 6/6
  2767 | D:4      | 2767 ||| Stepping ~*~*~tactically~*~*~ (stealth).
  2805 | D:4      | 2805 ||| INVOKING Fiery Armour.
  2808 | D:4      | 2808 ||| Stepping ~*~*~tactically~*~*~ (outnumbered).
  2818 | D:4      | Reached skill level 7 in Unarmed Combat
  2936 | D:4      | 2936 ||| INVOKING Fiery Armour.
  2943 | D:4      | 2943 ||| Stepping ~*~*~tactically~*~*~ (outnumbered).
  2945 | D:4      | 2945 ||| Stepping ~*~*~tactically~*~*~ (outnumbered).
  2947 | D:4      | 2947 ||| FLEEEEING.
  2948 | D:4      | 2948 ||| FLEEEEING.
  2949 | D:4      | 2949 ||| FLEEEEING.
  2950 | D:4      | 2950 ||| FLEEEEING.
  3150 | D:4      | 3150 ||| UPGRADING to ring of poison resistance.
  3151 | D:4      | 3151 ||| READING scroll labelled HANUIRREIR.
  3152 | D:4      | 3152 ||| DRINKING 2 metallic sapphire potions.
  3153 | D:4      | 3153 ||| Stepping randomly (stuck).
  3153 | D:4      | Noticed Robin
  3154 | D:4      | 3154 ||| Stepping randomly (stuck).
  3155 | D:4      | 3155 ||| Stepping randomly (stuck).
  3156 | D:4      | 3156 ||| Stepping randomly (stuck).
  3157 | D:4      | 3157 ||| Stepping randomly (stuck).
  3158 | D:4      | 3158 ||| Stepping randomly (stuck).
  3159 | D:4      | 3159 ||| Stepping randomly (stuck).
  3160 | D:4      | 3160 ||| Stepping randomly (stuck).
  3161 | D:4      | 3161 ||| Stepping randomly (stuck).
  3162 | D:4      | 3162 ||| Stepping randomly (stuck).
  3163 | D:4      | 3163 ||| Stepping randomly (stuck).
  3164 | D:4      | 3164 ||| Stepping randomly (stuck).
  3165 | D:4      | 3165 ||| Stepping randomly (stuck).
  3166 | D:4      | 3166 ||| Stepping randomly (stuck).
  3167 | D:4      | 3167 ||| Stepping randomly (stuck).
  3168 | D:4      | 3168 ||| Stepping randomly (stuck).
  3169 | D:4      | 3169 ||| Stepping randomly (stuck).
  3170 | D:4      | 3170 ||| Stepping randomly (stuck).
  3172 | D:4      | 3172 ||| Stepping randomly (stuck).
  3174 | D:4      | 3174 ||| Stepping randomly (stuck).
  3176 | D:4      | 3176 ||| Stepping randomly (stuck).
  3177 | D:4      | 3177 ||| Stepping randomly (stuck).
  3178 | D:4      | 3178 ||| Stepping randomly (stuck).
  3179 | D:4      | 3179 ||| Stepping randomly (stuck).
  3180 | D:4      | 3180 ||| Stepping randomly (stuck).
  3181 | D:4      | 3181 ||| Stepping randomly (stuck).
  3182 | D:4      | 3182 ||| Stepping randomly (stuck).
  3183 | D:4      | 3183 ||| Stepping randomly (stuck).
  3184 | D:4      | 3184 ||| Stepping randomly (stuck).
  3185 | D:4      | 3185 ||| Stepping randomly (stuck).
  3186 | D:4      | 3186 ||| Stepping randomly (stuck).
  3188 | D:4      | 3188 ||| Stepping randomly (stuck).
  3189 | D:4      | 3189 ||| Stepping randomly (stuck).
  3190 | D:4      | 3190 ||| Stepping randomly (stuck).
  3191 | D:4      | 3191 ||| Stepping randomly (stuck).
  3192 | D:4      | 3192 ||| Stepping randomly (stuck).
  3194 | D:4      | 3194 ||| Stepping randomly (stuck).
  3195 | D:4      | 3195 ||| Stepping randomly (stuck).
  3196 | D:4      | 3196 ||| Stepping randomly (stuck).
  3197 | D:4      | 3197 ||| Stepping randomly (stuck).
  3198 | D:4      | 3198 ||| Stepping randomly (stuck).
  3200 | D:4      | 3200 ||| Stepping randomly (stuck).
  3201 | D:4      | 3201 ||| Stepping randomly (stuck).
  3202 | D:4      | 3202 ||| Stepping randomly (stuck).
  3203 | D:4      | 3203 ||| Stepping randomly (stuck).
  3204 | D:4      | 3204 ||| Stepping randomly (stuck).
  3206 | D:4      | 3206 ||| Stepping randomly (stuck).
  3208 | D:4      | 3208 ||| Stepping randomly (stuck).
  3210 | D:4      | 3210 ||| Stepping randomly (stuck).
  3211 | D:4      | 3211 ||| Stepping randomly (stuck).
  3212 | D:4      | 3212 ||| Stepping randomly (stuck).
  3214 | D:4      | 3214 ||| Stepping randomly (stuck).
  3216 | D:4      | 3216 ||| Stepping randomly (stuck).
  3218 | D:4      | 3218 ||| Stepping randomly (stuck).
  3220 | D:4      | 3220 ||| Stepping randomly (stuck).
  3221 | D:4      | 3221 ||| Stepping randomly (stuck).
  3222 | D:4      | 3222 ||| Stepping randomly (stuck).
  3223 | D:4      | 3223 ||| Stepping randomly (stuck).
  3224 | D:4      | 3224 ||| Stepping randomly (stuck).
  3225 | D:4      | 3225 ||| Stepping randomly (stuck).
  3226 | D:4      | 3226 ||| Stepping randomly (stuck).
  3227 | D:4      | 3227 ||| Stepping randomly (stuck).
  3228 | D:4      | 3228 ||| Stepping randomly (stuck).
  3229 | D:4      | 3229 ||| Stepping randomly (stuck).
  3230 | D:4      | 3230 ||| Stepping randomly (stuck).
  3232 | D:4      | 3232 ||| Stepping randomly (stuck).
  3233 | D:4      | 3233 ||| Stepping randomly (stuck).
  3234 | D:4      | 3234 ||| Stepping randomly (stuck).
  3235 | D:4      | 3235 ||| Stepping randomly (stuck).
  3236 | D:4      | 3236 ||| Stepping randomly (stuck).
  3237 | D:4      | 3237 ||| Stepping randomly (stuck).
  3239 | D:4      | 3239 ||| Stepping randomly (stuck).
  3241 | D:4      | 3241 ||| Stepping randomly (stuck).
  3242 | D:4      | 3242 ||| Stepping randomly (stuck).
  3243 | D:4      | 3243 ||| Stepping randomly (stuck).
  3244 | D:4      | 3244 ||| Stepping randomly (stuck).
  3245 | D:4      | 3245 ||| Stepping randomly (stuck).
  3246 | D:4      | 3246 ||| Stepping randomly (stuck).
  3247 | D:4      | 3247 ||| Stepping randomly (stuck).
  3248 | D:4      | 3248 ||| Stepping randomly (stuck).
  3249 | D:4      | 3249 ||| Stepping randomly (stuck).
  3250 | D:4      | 3250 ||| Stepping randomly (stuck).
  3251 | D:4      | 3251 ||| Stepping randomly (stuck).
  3252 | D:4      | 3252 ||| Stepping randomly (stuck).
  3253 | D:4      | 3253 ||| Stepping randomly (stuck).
  3254 | D:4      | 3254 ||| Stepping randomly (stuck).
  3255 | D:4      | 3255 ||| Stepping randomly (stuck).
  3256 | D:4      | 3256 ||| Stepping randomly (stuck).
  3257 | D:4      | 3257 ||| Stepping randomly (stuck).
  3258 | D:4      | 3258 ||| Stepping randomly (stuck).
  3309 | D:4      | Noticed Menkaure
  3315 | D:4      | 3315 ||| INVOKING Fiery Armour.
  3318 | D:4      | Killed Menkaure
  3319 | D:4      | Reached XP level 7. HP: 18/66 MP: 7/7
  3678 | D:4      | 3678 ||| INVOKING Fiery Armour.
  3680 | D:4      | 3680 ||| Stepping ~*~*~tactically~*~*~ (outnumbered).
  3682 | D:4      | Reached skill level 8 in Unarmed Combat
  3691 | D:4      | Reached skill level 3 in Fighting
  3846 | D:5      | Entered Level 5 of the Dungeon
  3848 | D:5      | 3848 ||| STAIRDANCE
  3865 | D:5      | 3865 ||| STAIRDANCE
  3916 | D:5      | 3916 ||| Stepping ~*~*~tactically~*~*~ (outnumbered).
  3931 | D:5      | 3931 ||| INVOKING Fiery Armour.
  3936 | D:5      | 3936 ||| Stepping ~*~*~tactically~*~*~ (outnumbered).
  3937 | D:5      | 3937 ||| Stepping ~*~*~tactically~*~*~ (outnumbered).
  3938 | D:5      | 3938 ||| Stepping ~*~*~tactically~*~*~ (outnumbered).
  3939 | D:5      | 3939 ||| Stepping ~*~*~tactically~*~*~ (outnumbered).
  3975 | D:5      | 3975 ||| FLEEEEING.
  3976 | D:5      | 3976 ||| FLEEEEING.
  3977 | D:5      | 3977 ||| FLEEEEING.
  3983 | D:5      | 3983 ||| STAIRDANCE
  4042 | D:5      | Found a basalt altar of Yredelemnul.
  4132 | D:5      | Found a staircase to the Ecumenical Temple.
  4218 | D:5      | 4218 ||| Stepping ~*~*~tactically~*~*~ (stealth).
  4219 | D:5      | 4219 ||| Stepping ~*~*~tactically~*~*~ (stealth).
  4221 | D:5      | Noticed Eustachio
  4222 | D:5      | 4222 ||| INVOKING Fiery Armour.
  4228 | D:5      | Reached skill level 9 in Unarmed Combat
  4228 | D:5      | Reached XP level 8. HP: 43/75 MP: 8/8
  4233 | D:5      | Killed Eustachio
  4257 | D:5      | 4257 ||| Stepping ~*~*~tactically~*~*~ (stealth).
  4301 | D:5      | 4301 ||| Stepping ~*~*~tactically~*~*~ (stealth).
  4414 | D:5      | 4414 ||| Stepping ~*~*~tactically~*~*~ (stealth).
  4542 | D:5      | Found a burning altar of Makhleb.
  4551 | D:5      | Reached skill level 10 in Unarmed Combat
  4622 | D:5      | 4622 ||| DRINKING 3 clear potions.
  4639 | D:6      | 4639 ||| Stepping ~*~*~tactically~*~*~ (hiding).
  4726 | D:6      | 4726 ||| Stepping ~*~*~tactically~*~*~ (stealth).
  5304 | D:6      | 5304 ||| UPGRADING to amulet of regeneration.
  5309 | D:6      | 5309 ||| DROPPING ring of flight.
  5310 | D:6      | 5310 ||| READING scroll labelled VEAFAE NEOSE.
  5311 | D:6      | 5311 ||| READING scroll labelled MEUKHL SY VAU.
  5312 | D:6      | 5312 ||| READING 2 scrolls of identify.
  5312 | D:6      | 5312 ||| IDENTIFYING ruby potion
  5313 | D:6      | 5313 ||| DROPPING potion of invisibility.
  5345 | D:7      | Found a shadowy altar of Dithmenos.
  5431 | D:7      | Reached skill level 3 in Throwing
  5483 | D:7      | Reached XP level 9. HP: 74/84 MP: 9/9
  5510 | D:7      | 5510 ||| Stepping ~*~*~tactically~*~*~ (hiding).
  5667 | D:7      | Reached skill level 11 in Unarmed Combat
  5764 | D:7      | Noticed Joseph
  5765 | D:7      | 5765 ||| Stepping ~*~*~tactically~*~*~ (hiding).
  5785 | D:7      | 5785 ||| INVOKING Fiery Armour.
  5786 | D:7      | Killed Joseph
  6166 | D:7      | Noticed a two-headed ogre
  6167 | D:7      | 6167 ||| Stepping ~*~*~tactically~*~*~ (stealth).
  6168 | D:7      | 6168 ||| Stepping ~*~*~tactically~*~*~ (stealth).
  6169 | D:7      | 6169 ||| Stepping ~*~*~tactically~*~*~ (stealth).
  6170 | D:7      | 6170 ||| Stepping ~*~*~tactically~*~*~ (stealth).
  6176 | D:7      | 6176 ||| Stepping ~*~*~tactically~*~*~ (stealth).
  6177 | D:7      | 6177 ||| Stepping ~*~*~tactically~*~*~ (stealth).
  6180 | D:7      | Killed a two-headed ogre
  6181 | D:7      | Reached skill level 12 in Unarmed Combat
  6204 | D:7      | Found a hazy altar of Hepliaklqana.
  6395 | D:7      | 6395 ||| UPGRADING to ring of protection from fire.
  6396 | D:7      | 6396 ||| READING scroll labelled ECENNEUSKY.
  6397 | D:7      | 6397 ||| READING scroll labelled XICIAMM ZUFU.
  6398 | D:7      | 6398 ||| DRINKING 2 sedimented clear potions.
  6418 | D:7      | 6418 ||| DROPPING potion of lignification.
  6451 | D:8      | Noticed a troll
  6452 | D:8      | Noticed a faun
  6452 | D:8      | Noticed a cyclops
  6462 | D:8      | 6462 ||| FLEEEEING.
  6465 | D:8      | 6465 ||| Stepping ~*~*~tactically~*~*~ (hiding).
  6468 | D:8      | 6468 ||| INVOKING Fiery Armour.
  6501 | D:8      | Found a transporter.
  6523 | D:8      | 6523 ||| Stepping ~*~*~tactically~*~*~ (stealth).
  6525 | D:8      | 6525 ||| Stepping ~*~*~tactically~*~*~ (hiding).
  6537 | D:8      | Reached XP level 10. HP: 92/94 MP: 10/10
  6558 | D:8      | Found a bloodstained altar of Trog.
  6594 | D:8      | 6594 ||| INVOKING Fiery Armour.
  6743 | D:8      | Found a blossoming altar of Fedhas.
  6851 | D:8      | Noticed qw's ghost (novice TrCA)
  6857 | D:8      | Noticed a fire crab
  6857 | D:8      | a polar bear changed into a fire crab
  6963 | D:8      | Found a transporter.
  6971 | D:8      | Noticed a manticore
  6971 | D:8      | a culicivora changed into a manticore
  7034 | D:8      | 7034 ||| UPGRADING to +2 robe of fire resistance.
  7044 | D:8      | 7044 ||| DROPPING +0 robe.
  7045 | D:8      | 7045 ||| READING scroll labelled YFAWOU WEAXZI.
  7046 | D:8      | 7046 ||| DRINKING 2 glowing red potions.
  7047 | D:8      | 7047 ||| READING 2 scrolls of identify.
  7047 | D:8      | 7047 ||| IDENTIFYING fuming clear potion
  7048 | D:8      | 7048 ||| DROPPING potion of degeneration.
  7069 | D:9      | Reached skill level 13 in Unarmed Combat
  7070 | D:9      | 7070 ||| FLEEEEING.
  7071 | D:9      | 7071 ||| FLEEEEING.
  7072 | D:9      | 7072 ||| FLEEEEING.
  7073 | D:9      | 7073 ||| FLEEEEING.
  7074 | D:9      | 7074 ||| FLEEEEING.
  7075 | D:9      | 7075 ||| FLEEEEING.
  7076 | D:9      | 7076 ||| FLEEEEING.
  7077 | D:9      | 7077 ||| STAIRDANCE
  7162 | D:9      | Found a glowing golden altar of the Shining One.
  7177 | D:9      | 7177 ||| INVOKING Fiery Armour.
  7195 | D:9      | HP: 23/96 [wyvern (4)]
  7196 | D:9      | 7196 ||| READING 4 scrolls of teleportation.
  7197 | D:9      | 7197 ||| DRINKING 3 potions of heal wounds.
  7300 | D:9      | 7300 ||| Invisible monster not found???
  7971 | D:9      | Noticed a skeletal warrior
  7971 | D:9      | Found the +5 scythe "Finisher" {speed, eviscerate}
  7974 | D:9      | Reached skill level 14 in Unarmed Combat
  7983 | D:9      | Killed a skeletal warrior
  7987 | D:9      | Reached skill level 6 in Fighting
  8214 | D:9      | 8214 ||| Stepping ~*~*~tactically~*~*~ (hiding).
  8260 | D:9      | 8260 ||| UPGRADING to +0 cloak.
  8265 | D:9      | 8265 ||| READING 3 scrolls of enchant armour.
  8265 | D:9      | 8265 ||| ENCHANTING +0 cloak.
  8266 | D:9      | 8266 ||| READING 2 scrolls of enchant armour.
  8266 | D:9      | 8266 ||| ENCHANTING +1 cloak.
  8267 | D:9      | 8267 ||| READING scroll labelled CIRUUHU AFORY.
  8381 | D:10     | Entered Level 10 of the Dungeon
  8382 | D:10     | 8382 ||| STAIRDANCE
  8388 | D:9      | Reached skill level 1 in Armour
  8390 | D:10     | 8390 ||| STAIRDANCE
  8392 | D:9      | 8392 ||| Stepping ~*~*~tactically~*~*~ (outnumbered).
  8429 | D:10     | 8429 ||| STAIRDANCE
  8522 | D:10     | Found a transporter.
  8523 | D:10     | Noticed a two-headed ogre
  8524 | D:10     | Noticed qw's ghost (novice FoCA)
  8524 | D:10     | Noticed a two-headed ogre
  8524 | D:10     | Noticed a two-headed ogre
  8527 | D:10     | Found a transporter.
  8531 | D:10     | Noticed a two-headed ogre
  8551 | D:10     | 8551 ||| Stepping ~*~*~tactically~*~*~ (outnumbered).
  8559 | D:10     | Reached XP level 11. HP: 105/105 MP: 11/11
  8559 | D:10     | 8559 ||| Stepping ~*~*~tactically~*~*~ (outnumbered).
  8567 | D:10     | 8567 ||| FLEEEEING.
  8568 | D:10     | 8568 ||| FLEEEEING.
  8569 | D:10     | 8569 ||| FLEEEEING.
  8570 | D:10     | 8570 ||| FLEEEEING.
  8584 | D:10     | 8584 ||| FLEEEEING.
  8585 | D:10     | 8585 ||| FLEEEEING.
  8586 | D:10     | 8586 ||| FLEEEEING.
  8587 | D:10     | 8587 ||| FLEEEEING.
  8599 | D:10     | 8599 ||| FLEEEEING.
  8600 | D:10     | 8600 ||| FLEEEEING.
  8601 | D:10     | 8601 ||| FLEEEEING.
  8615 | D:10     | 8615 ||| FLEEEEING.
  8627 | D:10     | 8627 ||| FLEEEEING.
  8628 | D:10     | 8628 ||| FLEEEEING.
  8629 | D:10     | 8629 ||| FLEEEEING.
  8643 | D:10     | 8643 ||| INVOKING Fiery Armour.
  8645 | D:10     | 8645 ||| FLEEEEING.
  8646 | D:10     | 8646 ||| FLEEEEING.
  8647 | D:10     | 8647 ||| FLEEEEING.
  8648 | D:10     | 8648 ||| FLEEEEING.
  8667 | D:10     | 8667 ||| FLEEEEING.
  8668 | D:10     | 8668 ||| FLEEEEING.
  8669 | D:10     | 8669 ||| FLEEEEING.
  8670 | D:10     | 8670 ||| FLEEEEING.
  8671 | D:10     | 8671 ||| FLEEEEING.
  8774 | D:10     | Found Sethut's Antique Weapon Boutique.
  8778 | D:10     | Found a snail-covered altar of Cheibriados.
  8820 | D:10     | 8820 ||| Stepping ~*~*~tactically~*~*~ (hiding).
  8843 | D:10     | Found a staircase to the Lair.
  8979 | D:10     | 8979 ||| Stepping ~*~*~tactically~*~*~ (hiding).
  9075 | D:10     | 9075 ||| Stepping ~*~*~tactically~*~*~ (stealth).
  9115 | D:10     | 9115 ||| INVOKING Fiery Armour.
  9116 | D:10     | HP: 25/105 [centaur/arrow (7)]
  9117 | D:10     | 9117 ||| READING 4 scrolls of teleportation.
  9118 | D:10     | 9118 ||| DRINKING 2 potions of heal wounds.
  9472 | D:10     | 9472 ||| PLANNING TEMPLE
  9472 | D:10     | 9472 ||| READING scroll labelled NIHUIFIQAT.
  9603 | Temple   | Entered the Ecumenical Temple
  9603 | Temple   | Found a transporter.
  9603 | Temple   | Found a transporter.
  9605 | Temple   | Found a transporter.
  9605 | Temple   | Found a transporter.
  9615 | Temple   | 9615 ||| PLANNING LAIR
  9676 | Temple   | 9676 ||| PLANNING CONVERSION TO OKAWARU
  9682 | Temple   | Fell from the grace of Ignis
  9682 | Temple   | Became a worshipper of Warmaster Okawaru
  9683 | Temple   | 9683 ||| PLANNING LAIR
  9838 | Lair:1   | Entered Level 1 of the Lair of Beasts
  9934 | Lair:1   | 9934 ||| Stepping ~*~*~tactically~*~*~ (stealth).
  9935 | Lair:1   | 9935 ||| Stepping ~*~*~tactically~*~*~ (stealth).
  9942 | Lair:1   | 9942 ||| Stepping ~*~*~tactically~*~*~ (outnumbered).
  9946 | Lair:1   | 9946 ||| Stepping ~*~*~tactically~*~*~ (outnumbered).
  9947 | Lair:1   | 9947 ||| Stepping ~*~*~tactically~*~*~ (outnumbered).
  9949 | Lair:1   | Reached skill level 15 in Unarmed Combat
 10066 | Lair:1   | Reached * piety under Okawaru
 10072 | Lair:1   | 10072 ||| INVOKING Heroism.
 10076 | Lair:1   | Reached skill level 1 in Invocations
 10265 | Lair:1   | Paralysed by a hornet for 1 turns
 10368 | Lair:1   | Found a runed translucent door.
 10369 | Lair:1   | Noticed qw's ghost (journeyman TrCA)
 10591 | Lair:1   | 10591 ||| DROPPING +6 ring of intelligence.
 10592 | Lair:1   | 10592 ||| UPGRADING to +6 ring of strength.
 10594 | Lair:1   | 10594 ||| READING scroll labelled URROOPT PASARU.
 10595 | Lair:1   | 10595 ||| DRINKING 2 fuming pink potions.
 10595 | Lair:1   | Gained mutation: Potions are less effective at restoring
                  | your health. [potion of mutation]
 10595 | Lair:1   | Gained mutation: You have a pair of small horns on your
                  | head. [potion of mutation]
 10595 | Lair:1   | Gained mutation: You are strong-willed. (Will+) [potion of
                  | mutation]
 10595 | Lair:1   | Gained mutation: You are agile. (Dex +4, Str/Int -1)
                  | [potion of mutation]
 10596 | Lair:1   | 10596 ||| DRINKING potion of mutation.
 10596 | Lair:1   | Lost mutation: You have a pair of small horns on your head.
                  | [potion of mutation]
 10596 | Lair:1   | Lost mutation: Potions are less effective at restoring your
                  | health. [potion of mutation]
 10596 | Lair:1   | Gained mutation: Your spells are a little harder to cast,
                  | but a little more powerful. [potion of mutation]
 10596 | Lair:1   | Gained mutation: You are partially covered in iridescent
                  | scales. (AC +2) [potion of mutation]
 10597 | Lair:1   | 10597 ||| READING 2 scrolls of identify.
 10597 | Lair:1   | 10597 ||| IDENTIFYING smoky cyan potion
 10598 | Lair:1   | 10598 ||| DROPPING potion of berserk rage.
 10628 | Lair:2   | 10628 ||| INVOKING Heroism.
 10629 | Lair:2   | 10629 ||| STAIRDANCE
 10700 | Lair:2   | 10700 ||| STAIRDANCE
 10702 | Lair:1   | 10702 ||| Stepping ~*~*~tactically~*~*~ (outnumbered).
 10703 | Lair:1   | 10703 ||| Stepping ~*~*~tactically~*~*~ (outnumbered).
 10704 | Lair:1   | 10704 ||| Stepping ~*~*~tactically~*~*~ (outnumbered).
 10826 | Lair:2   | 10826 ||| INVOKING Heroism.
 10858 | Lair:2   | 10858 ||| INVOKING Heroism.
 10862 | Lair:2   | 10862 ||| DRINKING 5 potions of curing.
 10862 | Lair:2   | 10862 ||| (to cure confusion)
 10864 | Lair:2   | Reached skill level 3 in Dodging
 10864 | Lair:2   | Reached skill level 3 in Invocations
 10864 | Lair:2   | 10864 ||| Stepping ~*~*~tactically~*~*~ (outnumbered).
 10921 | Lair:2   | Identified the +5 war axe "Sarcophage" {protect, +Blink
                  | Fly}
 10922 | Lair:2   | 10922 ||| INVOKING Heroism.
 10925 | Lair:2   | Reached ** piety under Okawaru
 10963 | Lair:2   | Found a frozen archway.
 10968 | Lair:2   | 10968 ||| INVOKING Heroism.
 10969 | Lair:2   | 10969 ||| Stepping ~*~*~tactically~*~*~ (hiding).
 10973 | Lair:2   | 10973 ||| Stepping ~*~*~tactically~*~*~ (hiding).
 10974 | Lair:2   | 10974 ||| Stepping ~*~*~tactically~*~*~ (hiding).
 10992 | Lair:2   | 10992 ||| INVOKING Heroism.
 11041 | Lair:2   | Found a staircase to the Snake Pit.
 11074 | Lair:2   | 11074 ||| INVOKING Heroism.
 11081 | Lair:2   | 11081 ||| Stepping ~*~*~tactically~*~*~ (stealth).
 11082 | Lair:2   | 11082 ||| Stepping ~*~*~tactically~*~*~ (stealth).
 11088 | Lair:2   | Reached skill level 16 in Unarmed Combat
 11091 | Lair:2   | 11091 ||| Stepping ~*~*~tactically~*~*~ (stealth).
 11092 | Lair:2   | 11092 ||| Stepping ~*~*~tactically~*~*~ (stealth).
 11093 | Lair:2   | Reached *** piety under Okawaru
 11103 | Lair:2   | 11103 ||| Stepping ~*~*~tactically~*~*~ (stealth).
 11104 | Lair:2   | 11104 ||| Stepping ~*~*~tactically~*~*~ (stealth).
 11105 | Lair:2   | 11105 ||| INVOKING Heroism.
 11106 | Lair:2   | 11106 ||| Stepping ~*~*~tactically~*~*~ (stealth).
 11115 | Lair:2   | 11115 ||| Stepping ~*~*~tactically~*~*~ (stealth).
 11308 | Lair:2   | Noticed a seven-headed hydra
 11309 | Lair:2   | 11309 ||| INVOKING Heroism.
 11314 | Lair:2   | Killed a seven-headed hydra
 11315 | Lair:2   | Reached XP level 12. HP: 118/118 MP: 11/14
 11403 | Lair:2   | Noticed Amaemon
 11404 | Lair:2   | 11404 ||| INVOKING Heroism.
 11415 | Lair:2   | Killed Amaemon
 11654 | Lair:2   | 11654 ||| INVOKING Heroism.
 11658 | Lair:2   | 11658 ||| Stepping ~*~*~tactically~*~*~ (outnumbered).
 11659 | Lair:2   | 11659 ||| Stepping ~*~*~tactically~*~*~ (outnumbered).
 11665 | Lair:2   | Reached **** piety under Okawaru
 11787 | Lair:3   | Identified the +4 leather armour of the Serpent {rF- Regen+
                  | rCorr Int-2}
 11793 | Lair:3   | 11793 ||| Stepping ~*~*~tactically~*~*~ (stealth).
 11794 | Lair:3   | 11794 ||| Stepping ~*~*~tactically~*~*~ (stealth).
 11834 | Lair:3   | Found a staircase to the Swamp.
 11835 | Lair:3   | 11835 ||| Stepping ~*~*~tactically~*~*~ (hiding).
 11842 | Lair:3   | 11842 ||| Stepping ~*~*~tactically~*~*~ (hiding).
 11850 | Lair:3   | 11850 ||| INVOKING Heroism.
 11903 | Lair:3   | 11903 ||| Stepping ~*~*~tactically~*~*~ (hiding).
 12065 | Lair:3   | 12065 ||| INVOKING Heroism.
 12067 | Lair:3   | HP: 20/118 [fire elemental[the fiery vengeance of Ignis]
                  | (12)]
 12068 | Lair:3   | 12068 ||| READING 4 scrolls of teleportation.
 12069 | Lair:3   | 12069 ||| DRINKING potion of heal wounds.
 12072 | Lair:3   | HP: 8/118 [fire elemental[the fiery vengeance of Ignis]
                  | (7)]
 12225 | Lair:3   | Noticed Nessos
 12226 | Lair:3   | 12226 ||| Stepping ~*~*~tactically~*~*~ (hiding).
 12232 | Lair:3   | 12232 ||| Stepping ~*~*~tactically~*~*~ (hiding).
 12234 | Lair:3   | 12234 ||| Stepping ~*~*~tactically~*~*~ (hiding).
 12235 | Lair:3   | 12235 ||| INVOKING Heroism.
 12237 | Lair:3   | 12237 ||| Stepping ~*~*~tactically~*~*~ (hiding).
 12238 | Lair:3   | HP: 22/118 [Nessos/arrow (17)]
 12239 | Lair:3   | 12239 ||| READING 3 scrolls of teleportation.
 12243 | Lair:3   | HP: 17/118 [poisoned by Nessos]
 12365 | Lair:3   | 12365 ||| Stepping ~*~*~tactically~*~*~ (hiding).
 12366 | Lair:3   | 12366 ||| Stepping ~*~*~tactically~*~*~ (hiding).
 12367 | Lair:3   | 12367 ||| Stepping ~*~*~tactically~*~*~ (hiding).
 12368 | Lair:3   | 12368 ||| Stepping ~*~*~tactically~*~*~ (hiding).
 12369 | Lair:3   | 12369 ||| INVOKING Heroism.
 12369 | Lair:3   | HP: 25/118 [Nessos/arrow (14)]
 12370 | Lair:3   | 12370 ||| READING 2 scrolls of teleportation.
 12370 | Lair:3   | HP: 6/118 [Nessos/arrow (9)]
 12370 | Lair:3   | HP: 2/118 [Nessos/arrow (4)]
 12371 | Lair:3   | Succumbed to Nessos's poison

Levels and vault maps discovered:
D:1:      minmay_arrival_radiant_lines, layout_rooms,
          hellmonk_ecumenical_altar_pennies_from_heaven,
          grunt_decor_mini_mirrors, wad_woods_river_04,
          chequers_serial_rivers_micro_e
D:2:      layout_basic
D:3:      layout_basic, general_overflow_altar, minivault_23,
          minmay_misc_feat_plants, minivault_4, uniq_jessica
D:4:      kennysheep_six_static_rooms, layout_loops_ring,
          mainiacjoe_overflow_cross_hatched, serial_co_window_serial,
          co_window_paths_b, co_window_corner_a, co_window_corner_a,
          co_window_of_opportunity_a, co_window_paths_b, co_window_corner_a,
          co_window_paths_a, co_window_of_opportunity_b, co_window_2corner,
          co_window_of_opportunity_b, co_window_broadway_a, uniq_menkaure,
          uniq_robin
D:5:      layout_loops_ring, makhleb_grotto_becter,
          mainiacjoe_overflow_small_starburst, minmay_temple_entry_tees,
          uniq_eustachio
D:6:      layout_loops_ring
D:7:      layout_loops_corners, mainiacjoe_overflow_paths, lemuel_tele_altar,
          uniq_joseph
D:8:      layout_loops_cross, mainiacjoe_overflow_concentric_impassable,
          old_standard_altar, nzn_ghost_randoct
D:9:      layout_loops_ring, nicolae_tso_carved_into_rock,
          minmay_guarded_unrand_finisher
D:10:     nicolae_whirlpool, layout_basic, tgw_sif, kennysheep_little_box,
          david_lair_shrubbed, gammafunk_ghost_smash, serial_shops, shop
Temple:   hellmonk_temple_divided_pantheon
Lair:1:   hellmonk_destroyed_diamonds, layout_chaotic_city,
          gammafunk_ghost_grave
Lair:2:   layout_gridlike, dummy_snake_entry, portal_ice_cave_entry_pillars_1,
          grunt_megastairs_3, infiniplex_staircase_pool, uniq_amaemon
Lair:3:   layout_misc_corridors, skrybe_swamp_entry_bodies, uniq_nessos

Skill      XL: |  1  2  3  4  5  6  7  8  9 10 11 12 |
---------------+-------------------------------------+-----
Unarmed Combat | 4 5 6 7 9 10 12 14 16 | 16.7
Throwing       | 1 2 3 4 |  4.9
Fighting       | 3 4 6 7 |  7.1
Dodging        | 2 3 |  3.0
Armour         | 1 |  1.0
Invocations    | 4 5 |  5.5
Spellcasting   | |  1.0
Fire Magic     | |  2.1

Action                   |  1- 3 |  4- 6 |  7- 9 | 10-12 || total
-------------------------+-------+-------+-------+-------++-------
Melee: Unarmed           |   134 |   157 |   210 |   357 ||   858
       Punch             |     4 |     2 |     4 |    22 ||    32
Throw: Javelin           |       |    15 |    16 |     1 ||    32
       Boomerang         |       |       |     4 |   109 ||   113
       Large rock        |       |       |    17 |     1 ||    18
Invok: Fiery Armour      |       |     4 |     5 |     4 ||    13
       Heroism           |       |       |       |    16 ||    16
  Use: Scroll            |     2 |     6 |     5 |    13 ||    26
       Potion            |     1 |     2 |     2 |     7 ||    12
Armor: Robe              |    56 |    49 |    36 |   158 ||   299
Dodge: Dodged            |    68 |    65 |    76 |   183 ||   392

Table legend:
 A = Non-vault XP
 B = Vault XP
 C = Vault XP percentage of total XP
 D = Non-vault monster count
 E = Vault monster count
 F = Vault count percentage of total count
                 A         B        C        D         E       F
            +---------+---------+-------+---------+---------+-------
      Total |   21317 |    6734 |  24.0 |     269 |      25 |   8.5
            +---------+---------+-------+---------+---------+-------
        D:1 |      48 |       0 |   0.0 |      30 |       0 |   0.0
        D:2 |     108 |       0 |   0.0 |      25 |       0 |   0.0
        D:3 |     142 |      37 |  20.7 |      24 |       1 |   4.0
        D:4 |     449 |     257 |  36.4 |      34 |       7 |  17.1
        D:5 |     898 |     244 |  21.4 |      21 |       2 |   8.7
        D:6 |     369 |       0 |   0.0 |      11 |       0 |   0.0
        D:7 |    2170 |     430 |  16.5 |      18 |       1 |   5.3
        D:8 |    1402 |       0 |   0.0 |      21 |       0 |   0.0
        D:9 |    2210 |    1791 |  44.8 |      25 |       6 |  19.4
       D:10 |    1677 |     480 |  22.3 |      13 |       2 |  13.3
     Lair:1 |    2970 |       0 |   0.0 |      14 |       0 |   0.0
     Lair:2 |    6528 |    2077 |  24.1 |      25 |       4 |  13.8
     Lair:3 |    2346 |    1418 |  37.7 |       8 |       2 |  20.0
            +---------+---------+-------+---------+---------+-------
